 Dungeon Crawl Stone Soup version 0.29.1-14-g9c671dbff4 (webtiles) character file.

Game seed: 1892936905807834797

122 Thatpatchoflichen the Ducker (level 5, 0/41 HPs)
             Began as a Human Gladiator on Feb 14, 2023.
             Slain by a gnoll
             ... wielding a +0 flail
              (11 damage)
             ... on level 3 of the Dungeon.
             The game lasted 00:08:43 (4095 turns).

Thatpatchoflichen the Ducker (Human Gladiator)      Turns: 4095, Time: 00:08:44

Health: 0/41       AC:  6    Str: 15    XL:     5   Next: 27%
Magic:  5/5        EV: 13    Int:  8    God:
Gold:   184        SH:  0    Dex: 16    Spells: 4/4 levels left

rFire   . . .      SeeInvis .   a - +0 long sword
rCold   . . .      Faith    .   (no shield)
rNeg    . . .      Spirit   .   r - +2 robe "Enamuar" {+Inv}
rPois   .          Reflect  .   w - +2 hat
rElec   .          Harm     .   (no cloak)
rCorr   .          Rampage  .   (no gloves)
Will    .....                   (no boots)
Stlth   +.........              (no amulet)
HPRegen 0.13/turn               (no ring)
MPRegen 0.09/turn               (no ring)

@: no status effects
A: no striking features
a: Evoke Invisibility


You were on level 3 of the Dungeon.
You visited 1 branch of the dungeon, and saw 3 of its levels.

You collected 184 gold pieces.

Inventory:

Hand Weapons
 a - a +0 long sword (weapon)
Missiles
 d - 3 throwing nets (quivered)
 e - a javelin
 n - 6 atropa-tipped darts
 s - 8 poisoned darts
 v - 3 boomerangs
Armour
 b - a +0 ring mail
 r - the +2 robe "Enamuar" (worn) {+Inv}
   (You found it on level 2 of the Dungeon)

   +Inv:      It lets you turn invisible.
 w - a +2 hat (worn)
Scrolls
 f - 2 scrolls of summoning {unknown}
 g - a scroll of vulnerability {unknown}
 h - 2 scrolls of magic mapping {unknown}
 j - 3 scrolls of teleportation {unknown}
 k - 4 scrolls of identify {unknown}
 l - 2 scrolls of noise {unknown}
 q - 2 scrolls of fear {unknown}
 t - a scroll of poison {unknown}
Potions
 i - 2 potions of curing {unknown}
 m - a potion of magic {unknown}
 o - 3 potions of lignification {unknown}
 p - a potion of degeneration {unknown}
 u - a potion of mutation {unknown}


   Skills:
 + Level 3.3 Fighting
 - Level 4.0 Long Blades
 - Level 2.0 Throwing
 + Level 4.0 Dodging


You had 4 spell levels left.
You didn't know any spells.
Your spell library contained the following spells:

 Spells                   Type           Power      Damage    Failure   Level
 Ensorcelled Hibernation  Hex/Ice        0%         N/A       54%         2
 Spider Form              Tmut/Pois      0%         N/A       78%         3
 Anguish                  Hex/Necr       0%         N/A       99%         4


Dungeon Overview and Level Annotations

Branches:
Dungeon (3/15)

Altars:

Annotations:
D:3 Natasha


Message History

You closely miss the adder. The adder bites you.
You closely miss the adder. The adder bites you.
You are poisoned.
The adder poisons you! The adder misses you.
You hit the adder.
The adder is heavily wounded.
You feel sick.
The adder bites you but does no damage. x2
You hit the adder.
The adder is severely wounded.
You feel sick. The adder bites you but does no damage.
You barely miss the adder.
The adder is severely wounded.
You feel sick. The adder bites you.
You are more poisoned.
The adder poisons you! The adder bites you but does no damage.
You hit the adder but do no damage.
The adder is severely wounded.
You feel sick. The adder closely misses you.
You hit the adder.
You kill the adder!
You feel sick. The bat barely misses you. The bat hits you but does no damage.
You hit the bat but do no damage.
You feel sick. The bat hits you but does no damage.
You slash the bat!
You kill the bat!
You feel sick.
You slash the gnoll!
The gnoll is severely wounded.
You feel sick. The gnoll hits you but does no damage.
You barely miss the gnoll.
The gnoll is severely wounded.
You feel sick. The gnoll misses you.
You closely miss the gnoll.
The gnoll is severely wounded.
You feel sick.
You are no longer poisoned.
The gnoll hits you with a +0 flail.
* * * LOW HITPOINT WARNING * * *
The gnoll hits you with a +0 flail!
You die...

##. .## .. ..##
..#... .... .g.
#.# ##########.#
#..@gg...'.#
#.#####.##.#
#.#####.##.#
####.##...##.[.
#.......#.#.....
#.##....†.#..#...
#.#######.#.r
..## #.# ####.
.## ###.# ##
#########


You could see a gnoll and a goblin.

Vanquished Creatures
  4 adders
  3 worms
  10 orcs
  4 ball pythons
  4 bats
  5 endoplasms
  3 giant cockroaches (D:1)
  3 goblins
  3 hobgoblins
  2 jackals (D:2)
  5 quokkas
  5 frilled lizards
  8 kobolds
  5 rats
64 creatures vanquished.

Notes
Turn   | Place    | Note
-------+----------+-------------------------------------------
     0 | D:1      | Thatpatchoflichen the Human Gladiator began the quest for
                  | the Orb.
     0 | D:1      | Reached XP level 1. HP: 16/16 MP: 1/1
   147 | D:1      | Reached XP level 2. HP: 13/22 MP: 2/2
   523 | D:1      | Found a faded altar of an unknown god.
   917 | D:1      | Reached XP level 3. HP: 28/28 MP: 3/3
  1599 | D:2      | Identified the +2 robe "Enamuar" {+Inv}
  2082 | D:2      | Reached XP level 4. HP: 4/34 MP: 4/4
  2084 | D:2      | HP: 1/34 [poisoned by an adder]
  3420 | D:3      | Noticed an ogre
  3587 | D:3      | Noticed Natasha
  3693 | D:3      | Reached XP level 5. HP: 36/41 MP: 5/5
  4095 | D:3      | Slain by a gnoll

Illustrated notes

Levels and vault maps discovered:
D:1:      sevenhm_arrival_forest_fort_small_6, layout_loops_ring,
          shapermc_ecumenical_altar_notcrosses, minivault_11
D:2:      layout_basic
D:3:      minmay_octagon_keep, layout_loops_cross, uniq_natasha

Skill      XL: |  1  2  3  4  5 |
---------------+----------------+-----
Fighting       | 3 |  3.3
Dodging        | 4 |  4.0
Long Blades    | 4 |  4.0
Throwing       | |  2.0

Action                   |  1- 3 |  4- 6 || total
-------------------------+-------+-------++-------
Melee: Long sword        |    94 |   126 ||   220
       Punch             |     2 |     1 ||     3
 Stab: Sleeping          |     1 |       ||     1
Armor: Leather armour    |    29 |       ||    29
       Robe              |    14 |    50 ||    64
Dodge: Dodged            |    80 |    94 ||   174
